 Dungeon Crawl Stone Soup version 0.30.0-20-g3b4254fcbd (webtiles) character file.

Game seed: 13497167358465353505

268 McKennaii the Trooper (level 6, -2/48 HPs)
             Began as a Demonspawn Fighter on June 2, 2023.
             Killed from afar by an orc wizard (11 damage)
             ... with a puff of flame
             ... on level 4 of the Dungeon.
             The game lasted 00:04:06 (2332 turns).

McKennaii the Trooper (Demonspawn Fighter)          Turns: 2332, Time: 00:04:07

Health: -2/48      AC:  8    Str: 18    XL:     6   Next: 0%
Magic:  6/6        EV:  6    Int: 16    God:
Gold:   256        SH:  0    Dex: 12    Spells: 5/5 levels left

rFire   . . .        s - +1 hand axe "Ifaocon" {flame, rN+}
rCold   . . .        c - +0 buckler
rNeg    + . .        b - +0 scale mail
rPois   .            (helmet restricted)
rElec   .            (no cloak)
rCorr   +            (no gloves)
SInv    .            k - +0 pair of boots
Will    .....        (no amulet) Stlth
                     r - +6 ring of intelligence
HPRegen 0.28/turn    x - ring of resist corrosion
MPRegen 0.10/turn

%: no passive effects
@: confused, constricted
A: antennae 1, large bone plates 2, condensation shield
a: no special abilities


You were on level 4 of the Dungeon.
You visited 1 branch of the dungeon, and saw 4 of its levels.

You collected 256 gold pieces.

Inventory:

Hand Weapons
 a - a +0 trident
 s - the +1 hand axe "Ifaocon" (weapon) {flame, rN+}
   (You found it on level 3 of the Dungeon)

   rN:        It protects you from negative energy.
Armour
 b - a +0 scale mail (worn)
 c - a +0 buckler (worn)
 k - a +0 pair of boots (worn)
Jewellery
 p - an amulet of faith
 r - a +6 ring of intelligence (left hand)
 x - a ring of resist corrosion (right hand)
Scrolls
 e - a scroll of enchant weapon {unknown}
 f - 3 scrolls of teleportation {unknown}
 h - 4 scrolls of identify {unknown}
 i - 2 scrolls of vulnerability {unknown}
 j - a scroll of fear {unknown}
 l - a scroll of magic mapping {unknown}
 q - a scroll of immolation {unknown}
 u - 2 scrolls of poison {unknown}
 w - a scroll of enchant armour {unknown}
 y - a scroll of fog {unknown}
Potions
 d - a potion of might
 g - 3 potions of heal wounds
 m - a potion of mutation {unknown}
 n - a potion of degeneration {unknown}
 o - 2 potions of attraction {unknown}
 t - a potion of brilliance {unknown}
 v - a potion of haste {unknown}
 z - a potion of magic {unknown}


   Skills:
 + Level 4.2 Fighting
 + Level 3.2 Polearms
 + Level 3.8 Armour
 + Level 3.8 Shields


You had 5 spell levels left.
You didn't know any spells.
Your spell library contained the following spells:

 Spells                   Type           Power      Damage    Failure   Level
 Kiss of Death            Conj/Necr      0%         2d5       69%         1
 Confusing Touch          Hex            0%         N/A       96%         3
 Ozocubu's Armour         Ice            0%         N/A       96%         3
 Dispel Undead            Necr           0%         3d6       100%        4
 Metabolic Englaciation   Hex/Ice        0%         N/A       100%        5
 Simulacrum               Ice/Necr       0%         N/A       100%        6


Dungeon Overview and Level Annotations

Branches:
Dungeon (4/15)
 Temple: D:4-7

Altars:


Innate Abilities, Weirdness & Mutations

You have a pair of small antennae on your head.
You are mostly covered in large bone plates. (SH +6)
A meltable shield of frost defends you. (SH +0)


Message History

You barely miss the ball python. You block the ball python's attack.
The ball python barely misses you. The orc wizard casts a spell at you.
You are confused.
The orc priest invokes the aid of Beogh against you.
Beogh smites you!
* * * LOW HITPOINT WARNING * * *
Unknown command.
You barely miss the ball python.
You hit the orc wizard but do no damage.
You hit the orc priest. You burn the orc priest.
You kill the orc priest!
The ball python bites you but does no damage.
The ball python grabs you. The ball python constricts you.
The orc wizard casts a spell at you.
The magic dart hits you but does no damage.
The ball python bites you but does no damage.
The ball python constricts you.
You have reached level 6!
Your demonic ancestry asserts itself...
Frost condenses into a shield before you.
Unknown command.
Unknown command.
Unknown command.
You escape the ball python's grasp.
The orc wizard hits you but does no damage.
The ball python closely misses you. x2
You see here a +0 scale mail.
Unknown command.
You hit the orc wizard but do no damage.
The orc wizard is moderately wounded.
You barely miss the ball python.
The orc wizard hits you with a +0 dagger.
* * * LOW HITPOINT WARNING * * *
The ball python bites you but does no damage.
The ball python grabs you. The ball python constricts you.
The orc wizard casts a spell at you. The puff of flame hits you!
Your condensation shield dissipates!
You die...

###.# #.. ..#.# .....
#.#.##.##.# #.#.##.##.#
#.#.##.##.# #
#....#.##.#
..############......#...
............##........#.
......S@o)..##....[.#...
......).).!.......#.##.#
.....#####.)...........#
.... ############### ..#
#


You could see an orc wizard and a ball python.

Vanquished Creatures
  2 scorpions (D:4)
  An orc priest (D:4)
  4 adders (D:2)
  A worm (D:2)
  2 dart slugs
  6 orcs
  5 bats
  4 endoplasms
  5 giant cockroaches
  3 goblins
  7 hobgoblins
  A jackal (D:2)
  7 kobolds
  10 ball pythons
  4 frilled lizards
  7 rats
69 creatures vanquished.

Notes
Turn   | Place    | Note
-------+----------+-------------------------------------------
     0 | D:1      | McKennaii the Demonspawn Fighter began the quest for the
                  | Orb.
     0 | D:1      | Reached XP level 1. HP: 18/18 MP: 1/1
   188 | D:1      | Gained mutation: You are partially covered in large bone
                  | plates. (SH +4) [demonic ancestry]
   188 | D:1      | Reached XP level 2. HP: 24/24 MP: 2/2
   705 | D:2      | Gained mutation: You are mostly covered in large bone
                  | plates. (SH +6) [demonic ancestry]
   705 | D:2      | Reached XP level 3. HP: 29/29 MP: 3/3
   996 | D:2      | Reached XP level 4. HP: 35/36 MP: 4/4
  1296 | D:3      | Identified the +1 hand axe "Ifaocon" {flame, rN+}
  1849 | D:4      | Noticed a scorpion
  1865 | D:4      | Killed a scorpion
  1866 | D:4      | Gained mutation: You have a pair of small antennae on your
                  | head. [demonic ancestry]
  1866 | D:4      | Reached XP level 5. HP: 13/42 MP: 5/5
  2010 | D:4      | Reached skill level 4 in Fighting
  2331 | D:4      | Gained mutation: A meltable shield of frost defends you.
                  | (SH +0) [demonic ancestry]
  2331 | D:4      | Reached XP level 6. HP: 10/48 MP: 6/6
  2332 | D:4      | Killed from afar by an orc wizard

Illustrated notes

Levels and vault maps discovered:
D:1:      shiori_arrival_oz, layout_rooms, chequers_serial_rivers_room_b,
          minmay_tetromino_l2
D:2:      kennysheep_six_static_rooms, layout_basic,
          minmay_fractal_squares_gapless_5
D:3:      layout_loops_ring, item_on_display_a
D:4:      layout_loops_ring

Skill      XL: |  1  2  3  4  5 |
---------------+----------------+-----
Polearms       | 2 3 |  3.2
Shields        | 3 |  3.8
Armour         | 3 |  3.8
Fighting       | 4 |  4.2

Action                     |  1- 3 |  4- 6 || total
---------------------------+-------+-------++-------
  Melee: Trident           |   131 |    26 ||   157
         Hand axe          |       |    69 ||    69
    Use: Potion            |       |     1 ||     1
 Armour: Scale mail        |    56 |    36 ||    92
  Dodge: Dodged            |    53 |    33 ||    86
  Block: Buckler           |    47 |    42 ||    89
